Map: Ultralove

Players

Darius - Winner!

  • Race: Protoss Protoss
  • League: Silver
  • Spawn Location: 7:00

WeAreLegion

  • Race: Terran Terran
  • League: Silver
  • Spawn Location: 1:00

VOD

Have the link to the VOD?

Description

Time

  • Played on: Dec. 5, 2024, 9:24 p.m.
  • Length: 14:56
Show
View Real Time Build Order
Export as new Build Order

Darius Protoss - Winner!

Build Orders:  

Get SALT Encoding   

  12  0:00  Probe  
  13  0:12  Probe  
  14  0:24  Probe  
  14  0:26  Pylon  
  15  0:43  Probe  
  15  0:46  Gateway  
  16  0:51  Probe  
  17  0:59  Assimilator, Probe  
  17  1:03  Assimilator  
  18  1:18  Pylon  
  18  1:21  Probe  
  19  1:29  Probe  
  19  1:37  Probe  
  20  1:45  Cybernetics Core  
  21  1:47  Probe  
  22  2:00  Pylon, Probe  
  23  2:12  Probe  
  24  2:22  Pylon  
  24  2:24  Probe  
  24  2:28  Stalker  
  25  2:45  Stargate  
  25  2:53  Nexus  
  25  3:16  Probe, Stargate  
  25  3:24  Probe  
  26  3:28  Pylon  
  27  3:34  Probe  
  27  3:36  Assimilator  
  27  3:39  Protoss Air Weapons Level 1  
  28  3:42  Assimilator  
  28  3:46  Probe  
  29  3:55  Pylon  
  29  3:58  Probe  
  34  4:03  Probe  
  34  4:05  Void Ray  
  34  4:06  Probe  
  35  4:11  Probe  
  35  4:16  Probe  
  37  4:21  Probe  
  39  4:28  Probe  
  40  4:33  Pylon  
  40  4:39  Forge  
  44  4:48  Void Ray  
  44  5:03  Probe  
  44  5:04  Probe  
  45  5:11  Probe  
  45  5:13  Probe  
  50  5:16  Void Ray  
  52  5:21  Probe x2  
  58  5:30  Probe  
  58  5:31  Void Ray  
  58  5:34  Probe  
  60  5:36  Protoss Shields Level 1  
  60  5:39  Protoss Air Armor Level 1  
  55  5:57  Probe  
  56  6:07  Probe  
  56  6:09  Probe  
  58  6:17  Void Ray x2  
  66  6:19  Probe  
  66  6:21  Probe  
  68  6:29  Twilight Council  
  68  6:33  Probe  
  68  6:38  Fleet Beacon  
  69  6:51  Pylon  
  69  6:58  Pylon  
  69  7:02  Probe  
  69  7:03  Probe  
  71  7:15  Probe x2  
  73  7:27  Probe  
  66  7:49  Tempest x2  
  74  7:53  Stargate  
  74  7:55  Stargate  
  74  8:04  Robotics Facility  
  74  8:20  Flux Vanes  
  74  8:22  Gateway  
  74  8:23  Gateway  
  74  8:25  Gateway, Warp Gate  
  74  8:30  Gateway  
  74  8:32  Carrier  
  80  9:01  Warp Prism  
  82  9:09  Tempest x2  
  90  9:18  Photon Cannon  
  90  9:20  Photon Cannon  
  90  9:23  Photon Cannon  
  90  9:25  Photon Cannon  
  90  9:27  Photon Cannon  
  62  10:01  Protoss Shields Level 2  
  62  10:31  Zealot x3  
  68  10:40  Nexus  
  68  10:41  Pylon  
  68  10:50  Nexus  
  68  10:58  Pylon  
  68  11:00  Pylon  
  76  12:02  Probe  
  76  12:04  Zealot x2  
  81  12:14  Probe  
  75  12:26  Probe  
  64  12:38  Probe  
  63  12:50  Probe  
  62  13:03  Probe  
  59  13:11  Probe  
  59  13:14  Probe  
  59  13:19  Probe  
  61  13:22  Probe  
  61  13:23  Carrier  
  63  13:29  Probe  
  63  13:31  Sentry x2  
  63  13:32  Sentry, Probe  
  63  13:41  Probe  
  63  13:44  Probe  
  64  13:54  Probe  
  64  13:59  Pylon  
  64  14:01  Pylon  
  64  14:02  Probe  
  65  14:08  Assimilator  
  65  14:09  Assimilator  
  66  14:10  Assimilator  
  66  14:11  Probe  
  66  14:15  Assimilator  
  67  14:23  Probe  
  74  14:35  Probe  
Show
View Real Time Build Order
Export as new Build Order

WeAreLegion Terran 

Build Orders: Reaper Expand 

Get SALT Encoding   

  12  0:00  SCV  
  13  0:12  SCV  
  14  0:18  Supply Depot  
  14  0:24  SCV  
  15  0:40  SCV  
  15  0:41  Barracks  
  16  0:46  Refinery  
  16  0:52  SCV  
  17  1:04  SCV  
  18  1:16  SCV  
  19  1:28  Orbital Command  
  19  1:31  Reaper  
  20  1:52  Supply Depot, Command Center  
  20  1:55  SCV  
  21  2:07  SCV  
  22  2:17  Factory  
  22  2:18  Marine  
  22  2:19  SCV  
  24  2:31  SCV  
  25  2:39  Marine  
  25  2:43  SCV  
  27  2:54  Refinery  
  27  2:55  SCV  
  28  3:06  Widow Mine  
  28  3:07  SCV  
  28  3:10  Starport  
  28  3:11  Barracks Reactor  
  32  3:14  Orbital Command  
  32  3:20  SCV  
  32  3:32  SCV  
  33  3:39  Widow Mine  
  35  3:44  SCV, Engineering Bay  
  35  3:45  SCV  
  37  3:51  Medivac  
  38  3:56  SCV  
  38  3:57  SCV  
  40  4:08  SCV  
  40  4:09  SCV  
  42  4:13  Factory Tech Lab  
  42  4:18  Marine  
  42  4:19  Marine  
  42  4:20  SCV  
  42  4:21  SCV  
  46  4:28  Barracks  
  46  4:29  Barracks  
  46  4:49  Supply Depot x2  
  46  5:02  Starport Tech Lab  
  46  5:10  SCV x2, Marine x2, Siege Tank  
  53  5:16  Supply Depot  
  53  5:18  Supply Depot  
  53  5:20  Missile Turret  
  53  5:22  SCV x2  
  53  5:25  Refinery  
  53  5:27  Refinery  
  53  5:28  Marine x2  
  57  5:29  Marine x2  
  57  5:35  SCV x2  
  64  5:42  Siege Tank  
  64  5:46  Marine x2  
  64  5:47  SCV x2, Marine  
  61  5:59  SCV  
  61  6:00  Supply Depot  
  61  6:02  Supply Depot, Barracks Tech Lab  
  61  6:03  Marine x2  
  64  6:05  Barracks Tech Lab  
  65  6:11  SCV x2  
  65  6:12  Barracks  
  65  6:15  Siege Tank  
  69  6:18  Banshee  
  69  6:21  Marine x3  
  69  6:23  Supply Depot, SCV x2  
  69  6:24  Supply Depot  
  69  6:25  Interference Matrix  
  77  6:27  Terran Infantry Weapons Level 1  
  77  6:29  Stimpack  
  77  6:34  Marine  
  77  6:35  SCV x2  
  77  6:39  Marine x3  
  83  6:47  SCV x2  
  83  6:51  Command Center  
  83  6:52  Marine  
  86  6:57  Supply Depot, Marine x3  
  86  6:59  Supply Depot  
  89  7:01  Banshee  
  92  7:10  Marine  
  92  7:15  Marine x2, Marauder  
  90  7:28  Marine  
  88  7:33  Marine x2  
  88  7:36  Marauder  
  92  7:40  Siege Tank  
  95  7:44  Banshee  
  95  7:46  Marauder  
  95  7:50  Marine x2  
  102  7:57  Marine  
  103  8:06  Supply Depot  
  103  8:07  Marine  
  103  8:08  Marine x2, Barracks Reactor  
  103  8:09  Combat Shield  
  103  8:10  Concussive Shells  
  103  8:12  Siege Tank  
  109  8:16  Marauder  
  111  8:25  Marauder  
  111  8:26  Marine x2  
  115  8:29  Supply Depot  
  115  8:37  Marauder  
  117  8:44  Siege Tank, Marine  
  117  8:45  Cloaking Field  
  117  8:47  Marauder  
  117  8:48  Raven  
  125  8:49  Marine  
  125  8:55  SCV x2  
  128  8:58  Marauder  
  128  9:02  Marine  
  131  9:06  Terran Infantry Armor Level 1  
  131  9:07  SCV x2, Marine x2  
  135  9:12  Engineering Bay, Armory  
  135  9:16  Siege Tank  
  138  9:19  SCV x2  
  138  9:22  Raven  
  142  9:31  SCV x2  
  89  10:20  Viking  
  82  10:24  Starport x2  
  82  10:27  Marine x3  
  82  10:28  Marine  
  86  10:36  Barracks  
  86  10:37  Barracks  
  85  10:45  Marine x4  
  89  10:50  Orbital Command, Viking  
  89  10:53  SCV x2  
  89  10:56  Siege Tank  
  96  11:03  Marine x2, Medivac  
  96  11:04  Marauder x2, Medivac  
  105  11:05  SCV x2  
  106  11:17  SCV x2, Missile Turret  
  108  11:19  Missile Turret  
  108  11:21  Marine, Missile Turret  
  108  11:22  Marine  
  108  11:25  Marauder  
  109  11:26  Marauder  
  109  11:29  SCV  
  109  11:31  SCV  
  109  11:34  Medivac  
  109  11:35  Viking  
  109  11:38  Siege Tank, Marine  
  108  11:46  Marauder  
  100  11:47  Marauder  
  79  12:04  Medivac  
  79  12:05  Missile Turret, Viking  
  79  12:08  Marauder  
  75  12:11  Starport x2  
  63  12:34  Viking  
  56  12:49  Viking  
  53  12:56  Missile Turret  
  47  12:59  Missile Turret x2  
  44  13:10  Viking x2  
  40  13:19  Command Center, Viking  
  42  13:30  SCV  
  43  13:40  Viking  
  38  13:42  SCV  
  35  13:49  Viking  
  35  13:54  SCV  
  28  14:06  SCV  
  29  14:10  Viking  
  31  14:18  SCV  
  32  14:30  SCV  
  33  14:42  SCV  
Tags
 
Matchup
PvT
Replay Pack
December
Spawn Locations
Cross Positions
Add a new tag
Caveats
  • Supply blocks, unpowered buildings, or Contaminate may cause inaccurate times.
  • Supply counts are checked every 10 seconds.